 Dungeon Crawl Stone Soup version 0.31.0-32-g396128a36d (webtiles) character file.

Game seed: 1857109492682604045

54 NotreDorf the Poker (level 3, -4/28 HPs)
             Began as a Merfolk Gladiator on Mar 30, 2024.
             Slain by a gnoll
             ... wielding a +0 halberd
              (14 damage)
             ... on level 2 of the Dungeon.
             The game lasted 00:04:31 (1121 turns).

NotreDorf the Poker (Merfolk Gladiator)             Turns: 1121, Time: 00:04:32

Health: -4/28      AC:  5    Str: 16    XL:     3   Next: 91%
Magic:  4/4        EV: 13    Int:  7    God:
Gold:   55         SH:  5    Dex: 15    Spells: 4/4 levels left

rFire   . . .        a - +0 trident
rCold   . . .        (no shield)
rNeg    . . .        b - +0 leather armour
rPois   .            c - +0 helmet
rElec   .            m - +0 cloak
rCorr   .            (no gloves)
SInv    .            (no boots)
Will    .....        p - amulet of reflection
Stlth   +            (no ring)
HPRegen 0.24/turn    (no ring)
MPRegen 0.09/turn

%: reflection
@: no status effects
A: (nimble swimmer 2), mertail
a: no special abilities


You were on level 2 of the Dungeon.
You visited 1 branch of the dungeon, and saw 2 of its levels.

You collected 55 gold pieces.

Inventory:

Hand Weapons
 a - a +0 trident (weapon)
Missiles
 d - 3 throwing nets (quivered)
 e - a javelin
Armour
 b - a +0 leather armour (worn)
 c - a +0 helmet (worn)
 m - a +0 cloak (worn)
Jewellery
 i - an amulet of the acrobat
 p - an amulet of reflection (around neck)
Wands
 o - a wand of digging (5)
Scrolls
 f - 2 scrolls of identify {unknown}
 j - a scroll of fear {unknown}
 l - a scroll of brand weapon {unknown}
 n - a scroll of blinking {unknown}
 q - a scroll of enchant weapon {unknown}
 r - a scroll of enchant armour {unknown}
Potions
 g - 3 potions of curing {unknown}
 h - 2 potions of mutation {unknown}
 k - a potion of magic {unknown}


   Skills:
 + Level 2.9 Fighting
 + Level 4.7 Polearms
 - Level 2.0 Throwing
 + Level 4.6 Dodging
 + Level 1.2 Spellcasting


You had 4 spell levels left.
You didn't know any spells.
Your spell library was empty.

Dungeon Overview and Level Annotations

Branches:
Dungeon (2/15)

Altars:


Innate Abilities, Weirdness & Mutations

((You are very nimble when in or above water. (Stealth+, EV+, Speed+++)))
Your lower body shifts to a powerful aquatic tail in water.


Message History

The bat misses you.
You barely miss the bat.
The bat is moderately wounded.
The gnoll shouts!
The bat hits you but does no damage. x2
The gnoll hits you from afar with a +0 spear.
You closely miss the bat. The bat hits you but does no damage. x2
The gnoll hits you from afar with a +0 spear.
Okay, then.
Reach: a) +0 trident
Press: ? - help, Dir - move target, f - gnoll, p - bat
Aim: a gnoll, wielding a +0 spear (about 36% to evade your +0 trident)
You reach to attack!
The gnoll shouts!
You hit the gnoll.
The gnoll is heavily wounded.
The bat barely misses you.
The gnoll hits you from afar with a +0 spear!
Reach: a) +0 trident
Press: ? - help, Dir - move target, f/p - gnoll
Aim: a gnoll, wielding a +0 spear (heavily wounded, about 36% to evade your +0 trident)
You reach to attack!
You puncture the gnoll!
You kill the gnoll!
The bat closely misses you.
The gnoll hits you from afar with a +0 spear!
Reach: a) +0 trident
Press: ? - help, Dir - move target, f - gnoll
Aim: a gnoll, wielding a +0 spear (about 36% to evade your +0 trident)
You reach to attack!
You puncture the gnoll!
The gnoll is heavily wounded.
The bat barely misses you.
The gnoll hits you from afar with a +0 spear.
The gnoll barely misses you. The bat completely misses you.
The bat hits you but does no damage. The gnoll attacks as it pursues you!
The gnoll barely misses you. The bat hits you but does no damage.
The gnoll attacks as it pursues you!
The gnoll hits you from afar with a +0 halberd!
Ouch! That really hurt!
You die...

.....### #.# .......# ##.#
.....#.# ..# ##### .....#.###
####+###.# #...#
'#####).(#####........####.#.#
.#####......##.............#.#
.##.(.....#.##.........#####.####
.##.......#.##..b......# #.....
.##......<..##..@......# #####.
.##....<..####g........# #.
.##.......gg..........## #.
.#####+###...g.....[..# #.
+........###.# ## #........# #.#
..........# .# ###........# .#
...[.....#


You could see 3 gnolls and a bat.

Vanquished Creatures
  A gnoll (D:2)
  3 dart slugs
  3 ball pythons
  7 bats
  4 endoplasms (D:1)
  A giant cockroach (D:1)
  3 goblins
  4 hobgoblins
  2 quokkas (D:1)
  A frilled lizard (D:1)
  5 kobolds
  5 rats
39 creatures vanquished.

Notes
Turn   | Place    | Note
-------+----------+-------------------------------------------
     0 | D:1      | NotreDorf the Merfolk Gladiator began the quest for the
                  | Orb.
     0 | D:1      | Reached XP level 1. HP: 16/16 MP: 1/1
   143 | D:1      | Reached XP level 2. HP: 23/23 MP: 2/2
   430 | D:1      | Reached XP level 3. HP: 28/28 MP: 4/4
   519 | D:1      | Reached skill level 1 in Spellcasting
   951 | D:2      | Found a faded altar of an unknown god.
  1121 | D:2      | Slain by a gnoll

Illustrated notes

Levels and vault maps discovered:
D:1:      grunt_arrival_crossed_arrows, layout_loops_ring
D:2:      layout_basic, chequers_ecumenical_altar_simple_redux, basic_altar,
          mrwooster_statue_mirror

Skill      XL: |  1  2  3 |
---------------+----------+-----
Spellcasting   | 1 |  1.2
Fighting       | |  2.9
Polearms       | |  4.7
Throwing       | |  2.0
Dodging        | |  4.6

Action                     || total
---------------------------++-------
  Melee: Trident           ||   131
         Punch             ||     1
   Stab: Sleeping          ||     5
 Armour: Leather armour    ||    43
  Dodge: Dodged            ||    83
  Block: Other             ||     4
